 Dungeon Crawl Stone Soup version 0.18.1-47-g9310371 (webtiles) character file.

8722 Jerry the Markshalfling (level 11, 0/64 HPs)
             Began as a Halfling Hunter on June 19, 2016.
             Was an Initiate of the Shining One.
             Slain by a spiny frog (13 damage)
             ... on level 1 of the Lair of Beasts on June 20, 2016.
             The game lasted 01:32:30 (14794 turns).

Jerry the Markshalfling (Halfling Hunter)          Turns: 14794, Time: 01:32:31

Health: 0/64       AC: 13    Str: 17    XL:     11   Next: 61%
Magic:  13/13      EV: 14    Int: 10    God:    the Shining One [......]
Gold:   459        SH:  0    Dex: 24    Spells: 1 memorised, 8 levels left

rFire  . . .     SeeInvis .     B - +0 shortbow (flame)
rCold  . . .     Gourm    .     a - +5 scale mail of the Locust {Str+5}
rNeg   . . .     Faith    .     (shield currently unavailable)
rPois  .         Spirit   .     (no helmet)
rElec  .         Dismiss  +     (no cloak)
rCorr  .         Reflect  .     v - +1 pair of gloves
SustAt .         Harm     .     (no boots)
MR     .....                    m - amulet of dismissal
Stlth  +.........               D - +5 ring of dexterity
                                F - ring of wizardry

@: lethally poisoned (0 -> -1), glowing, not resistant to hostile enchantments,
very unstealthy
A: mutation resistance 1
a: Renounce Religion


You were on level 1 of the Lair of Beasts.
You worshipped the Shining One.
The Shining One was noncommittal.
You were very hungry.

You visited 3 branches of the dungeon, and saw 11 of its levels.

You collected 459 gold pieces.

Inventory:

Hand Weapons
 r - a +0 whip of freezing
 B - a +0 shortbow of flaming (weapon)
Missiles
 d - 108 arrows (quivered)
Armour
 a - the +5 scale mail of the Locust (worn) {Str+5}
   (You found it on level 5 of the Dungeon)

   It affects your strength (+5).
 v - a +1 pair of gloves (worn)
 y - a +0 robe of cold resistance
Jewellery
 c - an uncursed ring of protection from cold
 h - a +4 ring of dexterity
 m - an amulet of dismissal (around neck)
 q - an uncursed ring of see invisible
 D - a +5 ring of dexterity (right hand)
 F - a ring of wizardry (left hand)
Wands
 p - a wand of flame (26/48)
 C - a wand of confusion (34/48)
Scrolls
 b - 2 scrolls of remove curse
 l - 5 scrolls of teleportation
 x - 3 scrolls of fog
 z - a scroll of summoning
 G - 4 scrolls of immolation
 I - a scroll of amnesia
 J - 3 scrolls of identify
Potions
 e - a potion of ambrosia
 g - a potion of haste {unknown}
 i - a potion of cancellation {unknown}
 k - 5 potions of agility
 n - 10 potions of curing {unknown}
 o - 5 potions of flight {unknown}
 s - 2 potions of degeneration {unknown}
 t - 3 potions of magic {unknown}
 u - a potion of resistance {unknown}
 A - a potion of brilliance {unknown}
 E - a potion of beneficial mutation {unknown}
 O - a potion of berserk rage {unknown}
Books
 K - a book of Spatial Translocations

   Spells                             Type                      Level
   a - Apportation                    Translocation                1
   b - Blink                          Translocation                2
   c - Shroud of Golubria             Charms/Translocation         2
   d - Portal Projectile              Translocation                3
   e - Teleport Other                 Translocation                3
   f - Passage of Golubria            Translocation                4
Comestibles
 f - 8 bread rations
 j - 5 meat rations
 H - a royal jelly
 L - 2 beef jerkies
 M - 7 slices of pizza


   Skills:
 - Level 1.7 Fighting
 - Level 16.9 Bows
 - Level 2.8 Dodging
 - Level 2.7 Stealth
 - Level 8.6 Translocations
 + Level 3.9 Invocations


You had 8 spell levels left.
You knew the following spells:

 Your Spells              Type           Power        Failure   Level  Hunger
a - Blink                 Tloc           N/A          3%          2    ###....


Dungeon Overview and Level Annotations

Branches:
Dungeon (9/15)             Temple (1/1) D:6            Lair (1/8) D:9
    Orc (0/2) D:9

Altars:
Ashenzari
Cheibriados
Dithmenos
Elyvilon
Fedhas
Gozag
Kikubaaqudgha
Makhleb
Nemelex Xobeh
Okawaru
Pakellas
Qazlal
Ru
Sif Muna
Trog
Vehumet
Xom
Yredelemnul
Zin
The Shining One

Shops:
D:8 !

Annotations:
D:5 Dowan
D:7 ker's ghost, novice DEWz
Lair:1 trantor's ghost, journeyman DEWz


Innate Abilities, Weirdness & Mutations

You are small and have problems with some larger weapons.
You are somewhat resistant to further mutation.


Message History

Firing (i - inventory):
d - 111 arrows (quivered)
Press: ? - help, Shift-Dir - straight line, f/p - spiny frog
Aim: a spiny frog (moderately wounded)
You shoot an arrow. The arrow hits the spiny frog.
The arrow burns the spiny frog.
The spiny frog is heavily wounded.
Firing (i - inventory):
d - 110 arrows (quivered)
Press: ? - help, Shift-Dir - straight line, f/p - spiny frog
Aim: a spiny frog (heavily wounded)
You shoot an arrow.
The arrow hits the spiny frog but does no damage.
The spiny frog is heavily wounded.
Firing (i - inventory):
d - 109 arrows (quivered)
Press: ? - help, Shift-Dir - straight line, f/p - spiny frog
Aim: a spiny frog (heavily wounded)
You shoot an arrow.
The arrow hits the spiny frog but does no damage.
The spiny frog is heavily wounded.
The spiny frog stings you!
You die...

#.#.##.. ..# .... #.#.##.#
#.... .....##.#.#P...#....
P............#......
....P...#.......P..#.#.#....
#...............#.#...F.....
..?.#...#.##....#.##((.#
#.........##......P#.#(#
#.......#.##....@F((.# (.
..P...#.##....#.##.# (.. #
#.....##..†...##.(. ..#
#...#...#.##....#..#.P... ..
#..........#†...#..#.....(.#
........................(..
#######.#########P##P.#####
### #######


You could see a spiny frog.

Vanquished Creatures
  Pikel (D:9)
  A centaur zombie (D:5)
  3 spiny frogs (Lair:1)
  Prince Ribbit (D:7)
  A human (D:7)
  8 yaks
  2 hungry ghosts (D:8)
  A hog (D:7)
  A hippogriff (D:9)
  Menkaure (D:7)
  Duvessa (D:5)
  3 orc warriors
  2 ice beasts
  4 sky beasts
  8 ogres
  2 phantoms (D:8)
  6 centaurs
  5 giant frogs
  Blork the orc (D:4)
  3 scorpions
  3 killer bees (D:9)
  5 wights (D:9)
  9 howler monkeys
  3 crimson imps
  3 giant frog zombies
  2 quasits
  6 orc priests
  A hound (D:9)
  2 centaur skeletons
  A giant frog skeleton (D:5)
  Jessica (D:3)
  5 iguanas
  9 orc wizards
  5 worker ants
  3 sheep (D:7)
  A hound zombie (D:9)
  15 adders
  10 river rats (Lair:1)
  4 shadow imps
  2 oozes
  3 adder zombies
  2 adder skeletons (D:4)
  3 worms
  3 dart slugs
  5 giant geckos
  34 orcs
  6 bats
  9 giant cockroaches
  6 goblins
  2 hobgoblins (D:2)
  6 jackals
  3 quokkas (D:3)
  3 ball pythons
  A giant gecko skeleton (D:4)
  3 giant newts
  A jackal skeleton (D:4)
  A jackal zombie (D:6)
  7 kobolds
  6 rats
  A fungus (D:9)
250 creatures vanquished.

Notes
Turn   | Place    | Note
--------------------------------------------------------------
     0 | D:1      | Jerry the Halfling Hunter began the quest for the Orb.
     0 | D:1      | Reached XP level 1. HP: 14/14 MP: 1/1
   335 | D:1      | Reached XP level 2. HP: 19/19 MP: 2/2
   924 | D:2      | Reached XP level 3. HP: 13/24 MP: 3/3
  1112 | D:2      | Reached skill level 5 in Bows
  1487 | D:2      | Reached XP level 4. HP: 20/29 MP: 4/4
  1995 | D:3      | Noticed Jessica
  2086 | D:3      | Killed Jessica
  2086 | D:3      | Reached skill level 6 in Bows
  2086 | D:3      | Reached XP level 5. HP: 34/34 MP: 5/5
  2381 | D:3      | Reached skill level 7 in Bows
  2762 | D:3      | Found a snail-covered altar of Cheibriados.
  2861 | D:4      | Noticed a phantom
  2864 | D:4      | Found a bloodstained altar of Trog.
  3034 | D:4      | Reached XP level 6. HP: 39/39 MP: 6/6
  3048 | D:4      | Noticed an ogre
  3135 | D:4      | Killed an ogre
  3135 | D:4      | Reached skill level 8 in Bows
  3391 | D:4      | Noticed Blork the orc
  3407 | D:4      | Killed Blork the orc
  3407 | D:4      | Reached XP level 7. HP: 41/44 MP: 7/7
  3433 | D:4      | Reached skill level 9 in Bows
  3560 | D:4      | Found a sacrificial altar of Ru.
  3659 | D:4      | Found a shattered altar of Ashenzari.
  3927 | D:5      | Entered Level 5 of the Dungeon
  4248 | D:5      | Reached skill level 10 in Bows
  4300 | D:5      | Reached XP level 8. HP: 47/49 MP: 8/8
  4937 | D:5      | Reached skill level 11 in Bows
  5205 | D:5      | Noticed Duvessa
  5244 | D:5      | Killed Duvessa
  5485 | D:5      | Noticed Dowan
  6503 | D:4      | Reached skill level 12 in Bows
  6703 | D:5      | Reached XP level 9. HP: 25/54 MP: 9/9
  6909 | D:5      | Reached skill level 13 in Bows
  6943 | D:5      | Got a heavily runed scale mail
  7106 | D:5      | Identified the +5 scale mail of the Locust {Str+5} (You found it on level 5 of the Dungeon)
  7516 | D:6      | Found a staircase to the Ecumenical Temple.
  7533 | Temple   | Entered the Ecumenical Temple
  8218 | D:6      | Reached skill level 14 in Bows
  8621 | D:7      | Noticed ker's ghost (novice DEWz)
  8712 | D:7      | Noticed Menkaure
  8758 | D:7      | Killed Menkaure
  9091 | D:7      | Noticed Prince Ribbit
  9124 | D:7      | Killed Prince Ribbit
  9124 | D:7      | Reached skill level 15 in Bows
  9124 | D:7      | Reached XP level 10. HP: 60/60 MP: 10/10
  9766 | D:7      | Reached skill level 16 in Bows
 10752 | D:8      | Learned a level 2 spell: Blink
 11407 | D:8      | Found Vitaoc's Distillery.
 11508 | D:8      | Reached skill level 1 in Translocations
 11916 | D:9      | Found a staircase to the Orcish Mines.
 11984 | D:9      | Found a staircase to the Lair.
 12111 | D:8      | Reached XP level 11. HP: 24/64 MP: 11/11
 12532 | D:9      | Reached skill level 5 in Translocations
 13437 | D:9      | Noticed Pikel
 13465 | D:9      | Killed Pikel
 13952 | D:9      | Found a blossoming altar of Fedhas.
 13984 | D:9      | Found an ancient bone altar of Kikubaaqudgha.
 13984 | D:9      | Found an opulent altar of Gozag.
 13984 | D:9      | Found a glowing golden altar of the Shining One.
 13998 | D:9      | Found a basalt altar of Yredelemnul.
 14001 | D:9      | Became a worshipper of the Shining One
 14317 | Lair:1   | Entered Level 1 of the Lair of Beasts
 14434 | Lair:1   | Noticed trantor's ghost (journeyman DEWz)
 14794 | Lair:1   | Slain by a spiny frog

Skill      XL: |  1  2  3  4  5  6  7  8  9 10 11 |
---------------+----------------------------------+-----
Stealth        | 2 |  2.7
Bows           | 5 6 7 8 10 12 15 16 | 16.9
Translocations | 4 8 |  8.6
Invocations    | 3 |  3.9
Fighting       | |  1.7
Dodging        | |  2.8

Action                   |  1- 3 |  4- 6 |  7- 9 | 10-12 || total
-------------------------+-------+-------+-------+-------++-------
Melee: Short sword       |   112 |    83 |       |       ||   195
       Dagger            |       |    22 |   181 |   139 ||   342
       Whip              |       |       |       |    13 ||    13
 Fire: Shortbow          |    13 |    97 |   244 |   608 ||   962
  Use: Scroll            |     3 |     3 |     4 |     8 ||    18
       Potion            |     1 |       |       |     1 ||     2
 Stab: Sleeping          |     5 |     5 |       |       ||    10
  Eat: Chunk             |     2 |     6 |    10 |    17 ||    35
       Bread ration      |       |       |     1 |       ||     1
       Pizza             |       |       |     1 |       ||     1
Armor: Leather armour    |    26 |    23 |     2 |       ||    51
       Robe              |       |       |    18 |       ||    18
       Scale mail        |       |       |    36 |   118 ||   154
Dodge: Dodged            |   106 |   102 |   172 |   177 ||   557
